[ PARTIDA AOE2 · #494333715 ]
UnrankedArmenios vs Burgundians
Equipo del jugador · VICT
Equipo rival · DERR
[ ANÁLISIS DE REPETICIÓN · EXTRAÍDO DE LA PARTIDA GRABADA ]
Feudal
11:36
Castillos
—
Imperial
—
| APM promedio | 39.4 |
| APM pico | 78 |
| eAPM promedio | 12.7 |
| Aldeanos / militares | 34 / 40 |
Foco
⚔️ 21.5% · 🌾 78.5%
Militia ×29 · Skirmisher ×10 · Spearman ×1
Feudal
11:56
Castillos
22:03
Imperial
—
| APM promedio | 30.7 |
| APM pico | 58 |
| eAPM promedio | 19.2 |
| Aldeanos / militares | 90 / 33 |
Foco
⚔️ 48.9% · 🌾 51.1%
Archer ×18 · Mangonel ×8 · Skirmisher ×5 · Cavalry Archer ×2
Mapa de la partida
Recursos iniciales + cada clic de construcción. Líneas = muros · curvas = relieve. ◆ oro · ⬟ piedra · ● bayas · ✦ reliquia · ◌ hueco del cierre
Tu base· Abierta — el rival se encerró
Base de O.Bender· ✓ Cerrada en 22:03 · 26t muro · sin puerta
Terreno inicial suavizado · ◌ = hueco del cierre detectado · pasá el cursor para detalles
Inputs por minuto
— Martwy Kogut - - O.Bender
Build order — Martwy Kogut
127 acciones detectadas en el replay
| 0:00 | Crear | Villager (Male) |
| 0:02 | Crear | Villager (Male) |
| 0:02 | Crear | Villager (Male) |
| 0:02 | Crear | Villager (Male) |
| 0:02 | Crear | Villager (Male) |
| 0:02 | Crear | Villager (Male) |
| 0:03 | Construir | House |
| 0:05 | Construir | House |
| 1:34 | Crear | Villager (Male) |
| 1:34 | Crear | Villager (Male) |
| 1:48 | Construir | Mule Cart |
| 2:05 | Crear | Villager (Male) |
| 2:18 | Crear | Villager (Male) |
| 2:21 | Investigar | Loom |
| 3:04 | Crear | Villager (Male) |
| 3:15 | Crear | Villager (Male) |
| 3:56 | Crear | Villager (Male) |
| 4:26 | Crear | Villager (Male) |
| 4:26 | Crear | Villager (Male) |
| 4:38 | Construir | House |
| 4:41 | Construir | House |
| 4:57 | Crear | Villager (Male) |
| 6:01 | Construir | Mill |
| 6:06 | Crear | Villager (Male) |
| 6:07 | Crear | Villager (Male) |
| 6:07 | Crear | Villager (Male) |
| 6:45 | Crear | Villager (Male) |
| 6:45 | Crear | Villager (Male) |
| 7:15 | Crear | Villager (Male) |
| 7:15 | Crear | Villager (Male) |
| 7:16 | Crear | Villager (Male) |
| 7:46 | Construir | Barracks |
| 8:04 | Construir | Mule Cart |
| 8:22 | Construir | House |
| 8:23 | Construir | House |
| 8:25 | Construir | House |
| 8:29 | Construir | House |
| 9:23 | Investigar | Feudal Age |
| 9:35 | Construir | Barracks |
| 9:55 | Crear | Militia |
| 9:55 | Crear | Militia |
| 10:19 | Crear | Militia |
| 10:20 | Crear | Militia |
| 10:45 | Crear | Militia |
| 10:46 | Crear | Militia |
| 10:59 | Crear | Spearman |
| 11:00 | Crear | Militia |
| 11:36 | Edad | Edad Feudal |
| 11:59 | Investigar | Man-at-Arms (upgrade) |
| 12:01 | Crear | Militia |
| 12:01 | Crear | Militia |
| 12:33 | Investigar | Arson |
| 13:22 | Crear | Villager (Male) |
| 13:23 | Crear | Villager (Male) |
| 13:38 | Construir | Watch Tower |
| 14:02 | Construir | Market |
| 14:33 | Construir | Mule Cart |
| 14:49 | Investigar | Double-Bit Axe |
| 15:24 | Crear | Villager (Male) |
| 16:18 | Crear | Militia |
| 16:18 | Crear | Militia |
| 16:39 | Investigar | Gold Mining |
| 16:55 | Investigar | Long Swordsman (upgrade) |
| 17:11 | Construir | Blacksmith |
| 17:20 | Construir | Mill |
| 17:27 | Construir | Mule Cart |
| 18:36 | Construir | Watch Tower |
| 18:44 | Investigar | Fletching |
| 18:45 | Investigar | Scale Mail Armor |
| 18:58 | Crear | Militia |
| 19:12 | Crear | Villager (Male) |
| 19:12 | Crear | Villager (Male) |
| 19:12 | Crear | Villager (Male) |
| 19:12 | Crear | Villager (Male) |
| 19:41 | Crear | Militia |
| 20:30 | Crear | Militia |
| 20:31 | Crear | Militia |
| 20:31 | Crear | Militia |
| 20:46 | Crear | Villager (Male) |
| 21:20 | Crear | Militia |
| 21:20 | Crear | Militia |
| 21:20 | Crear | Militia |
| 22:08 | Crear | Militia |
| 22:08 | Crear | Militia |
| 22:25 | Construir | Archery Range |
| 22:34 | Crear | Villager (Male) |
| 22:34 | Crear | Villager (Male) |
| 23:13 | Crear | Skirmisher |
| 23:13 | Crear | Skirmisher |
| 23:13 | Crear | Skirmisher |
| 23:13 | Crear | Skirmisher |
| 23:29 | Construir | Farm |
| 23:29 | Construir | Farm |
| 23:29 | Construir | Farm |
| 23:29 | Construir | Farm |
| 23:29 | Construir | Farm |
| 23:30 | Construir | Farm |
| 23:30 | Construir | Farm |
| 23:30 | Construir | Farm |
| 23:42 | Investigar | Horse Collar |
| 23:45 | Construir | House |
| 23:46 | Construir | House |
| 23:46 | Construir | House |
| 23:46 | Construir | House |
| 23:46 | Construir | House |
| 23:46 | Construir | House |
| 24:32 | Crear | Skirmisher |
| 24:32 | Crear | Skirmisher |
| 24:32 | Crear | Skirmisher |
| 25:44 | Crear | Skirmisher |
| 26:05 | Construir | Watch Tower |
| 26:15 | Crear | Militia |
| 26:15 | Crear | Militia |
| 26:15 | Crear | Militia |
| 27:25 | Crear | Militia |
| 27:25 | Crear | Militia |
| 27:25 | Crear | Militia |
| 27:26 | Crear | Militia |
| 27:26 | Crear | Militia |
| 27:42 | Construir | Mule Cart |
| 28:23 | Construir | Watch Tower |
| 28:37 | Crear | Skirmisher |
| 28:37 | Crear | Skirmisher |
| 28:42 | Investigar | Wheelbarrow |
| 28:48 | Construir | Farm |
| 28:48 | Construir | Farm |
| 28:48 | Construir | Farm |
Build order — O.Bender
148 acciones detectadas en el replay
| 0:02 | Crear | Villager (Male) ×4 |
| 0:02 | Crear | Villager (Male) ×4 |
| 0:04 | Construir | House |
| 0:05 | Construir | House |
| 1:26 | Crear | Villager (Male) |
| 1:59 | Construir | Lumber Camp |
| 2:03 | Crear | Villager (Male) |
| 2:29 | Crear | Villager (Male) |
| 2:39 | Construir | House |
| 2:59 | Crear | Villager (Male) |
| 2:59 | Crear | Villager (Male) |
| 3:06 | Construir | House |
| 3:19 | Crear | Villager (Male) ×2 |
| 3:19 | Crear | Villager (Male) ×2 |
| 4:00 | Crear | Villager (Male) ×2 |
| 4:00 | Crear | Villager (Male) ×2 |
| 4:03 | Construir | Palisade Wall |
| 4:21 | Investigar | Double-Bit Axe |
| 4:30 | Construir | House |
| 4:33 | Crear | Villager (Male) |
| 4:50 | Crear | Villager (Male) |
| 4:59 | Construir | House |
| 5:36 | Crear | Villager (Male) ×2 |
| 5:36 | Crear | Villager (Male) ×2 |
| 5:42 | Construir | Palisade Wall |
| 5:47 | Crear | Villager (Male) |
| 5:47 | Crear | Villager (Male) |
| 6:06 | Construir | Palisade Wall |
| 6:16 | Construir | Palisade Wall |
| 6:23 | Crear | Villager (Male) |
| 6:29 | Construir | Mill |
| 6:42 | Construir | Mill |
| 6:51 | Crear | Villager (Male) |
| 7:07 | Construir | Palisade Wall |
| 7:22 | Crear | Villager (Male) ×4 |
| 7:36 | Construir | Palisade Wall |
| 8:04 | Construir | Palisade Wall |
| 8:05 | Construir | Palisade Wall |
| 8:16 | Construir | Palisade Wall |
| 8:45 | Construir | Barracks |
| 8:50 | Crear | Villager (Male) |
| 9:07 | Construir | Mining Camp |
| 9:39 | Investigar | Feudal Age |
| 10:21 | Investigar | Gold Mining |
| 10:40 | Crear | Villager (Male) |
| 10:41 | Investigar | Loom |
| 11:26 | Crear | Villager (Male) |
| 11:47 | Investigar | Loom |
| 11:56 | Edad | Edad Feudal |
| 12:05 | Construir | Blacksmith |
| 12:15 | Construir | Archery Range |
| 12:20 | Crear | Villager (Male) |
| 12:38 | Crear | Villager (Male) |
| 12:49 | Construir | House |
| 13:10 | Crear | Archer ×5 |
| 13:11 | Crear | Villager (Male) |
| 13:11 | Crear | Villager (Male) |
| 13:26 | Construir | House |
| 13:42 | Crear | Villager (Male) |
| 13:42 | Crear | Villager (Male) |
| 13:48 | Construir | House |
| 13:54 | Construir | Watch Tower |
| 14:17 | Crear | Skirmisher ×5 |
| 14:18 | Crear | Villager (Male) ×5 |
| 14:41 | Crear | Villager (Male) ×3 |
| 14:58 | Construir | House |
| 15:00 | Construir | House |
| 15:02 | Crear | Villager (Male) |
| 15:21 | Construir | Watch Tower |
| 15:23 | Construir | House |
| 15:58 | Crear | Villager (Male) ×5 |
| 16:35 | Crear | Villager (Male) ×4 |
| 16:38 | Construir | House |
| 16:39 | Construir | House |
| 16:49 | Construir | Farm |
| 16:50 | Construir | Farm |
| 16:51 | Construir | Farm |
| 16:57 | Construir | Farm |
| 17:29 | Construir | Farm |
| 17:32 | Construir | Farm |
| 17:35 | Investigar | Gold Shaft Mining |
| 17:44 | Crear | Archer |
| 17:44 | Crear | Archer |
| 17:49 | Construir | Farm |
| 18:06 | Construir | Farm |
| 18:08 | Construir | Farm |
| 18:10 | Construir | Farm |
| 18:18 | Construir | Mining Camp |
| 18:50 | Construir | Farm |
| 18:51 | Construir | Farm |
| 18:51 | Construir | Farm |
| 18:51 | Construir | Farm |
| 18:59 | Construir | Farm |
| 19:00 | Construir | Farm |
| 19:17 | Construir | Farm |
| 19:23 | Investigar | Castle Age |
| 19:28 | Crear | Archer |
| 19:31 | Construir | Farm |
| 19:47 | Construir | House |
| 20:10 | Crear | Archer |
| 20:11 | Crear | Archer |
| 20:13 | Construir | Farm |
| 20:21 | Investigar | Horse Collar |
| 21:37 | Crear | Archer |
| 21:37 | Crear | Archer |
| 21:40 | Construir | House |
| 22:03 | Edad | Edad de los Castillos |
| 22:14 | Investigar | Crossbowman (upgrade) |
| 22:18 | Crear | Villager (Male) |
| 22:19 | Crear | Villager (Male) |
| 22:19 | Crear | Villager (Male) |
| 22:27 | Construir | Siege Workshop |
| 22:43 | Investigar | Heavy Plow |
| 22:47 | Investigar | Stone Mining |
| 22:51 | Investigar | Fletching |
| 22:52 | Investigar | Forging |
| 22:56 | Crear | Archer |
| 22:57 | Crear | Archer |
| 23:28 | Crear | Villager (Male) |
| 23:28 | Crear | Villager (Male) |
| 23:28 | Crear | Villager (Male) |
| 23:28 | Crear | Villager (Male) |
| 23:49 | Investigar | Bodkin Arrow |
| 23:58 | Crear | Mangonel |
| 23:58 | Crear | Mangonel |
| 24:09 | Crear | Villager (Male) ×2 |
| 24:17 | Crear | Cavalry Archer |
| 24:17 | Crear | Cavalry Archer |
| 24:37 | Construir | Lumber Camp |
| 24:41 | Crear | Villager (Male) |
| 25:35 | Crear | Mangonel |
| 25:49 | Crear | Villager (Male) ×5 |
| 25:49 | Crear | Villager (Male) ×5 |
| 25:56 | Crear | Mangonel |
| 25:56 | Crear | Mangonel |
| 26:05 | Crear | Archer |
| 26:40 | Construir | House |
| 27:26 | Crear | Mangonel ×2 |
| 27:46 | Crear | Mangonel |
| 27:47 | Crear | Villager (Male) ×5 |
| 27:48 | Crear | Villager (Male) |
| 27:52 | Crear | Archer ×3 |
| 28:16 | Construir | Market |
| 28:18 | Construir | House |
| 28:19 | Construir | House |
| 28:22 | Crear | Villager (Male) |
| 28:22 | Crear | Villager (Male) |
| 28:37 | Construir | House |
Cronología de la partida
| 4:03 | O.Bender · wall_segment Palisade Wall x1 |
| 5:42 | O.Bender · wall_segment Palisade Wall x5 |
| 6:06 | O.Bender · wall_segment Palisade Wall x5 |
| 6:16 | O.Bender · wall_segment Palisade Wall x1 |
| 7:07 | O.Bender · wall_segment Palisade Wall x6 |
| 7:36 | O.Bender · wall_segment Palisade Wall x6 |
| 7:46 | Martwy Kogut · first_building Barracks |
| 8:04 | O.Bender · wall_segment Palisade Wall x3 |
| 8:05 | O.Bender · wall_segment Palisade Wall x4 |
| 8:16 | O.Bender · wall_segment Palisade Wall x1 |
| 8:45 | O.Bender · first_building Barracks |
| 11:36 | Martwy Kogut · age_up feudal |
| 11:56 | O.Bender · age_up feudal |
| 12:15 | O.Bender · first_building Archery Range |
| 16:34 | Martwy Kogut · first_market_buy 100 food |
| 19:09 | Martwy Kogut · first_market_sell 100 wood |
| 22:03 | O.Bender · age_up castle |
| 22:25 | Martwy Kogut · first_building Archery Range |
| 22:27 | O.Bender · first_building Siege Workshop |
| 28:56 | O.Bender · first_market_buy 100 wood |
| 29:34 | O.Bender · resign |
[ ANÁLISIS IA · 1 CRÉDITO ]
¿Qué pasó realmente en esta partida?
Wolo.gg analiza cada decisión: build order, eco, micro, errores típicos por bracket. Análisis personalizado por WhatsApp o Discord en 30 segundos.
Guía civ
Armenios
Perfil
Martwy Kogut